Jonadab, neutral male human Tourist --------------- ----- ........._....| #->..-# ---------- #-........{.....| #|)_.|# --------- |......[.| # --------------- #|[..|# |.......| #.........| # #---.-) |........# #|........| # # ### ---|---.-# #-------.-- # # ## ## # # # # # # ### # # # # # # ## # # # # # # ## ######################## ## # # # # # -----# -.--.-- ------# # # # ##-...|# |.....| |....|# -----|-----# ### -----.---- |...|# |.....| |....)# |.........|# # |........| |...-# |.....| |....| ########..^.......|# ##.(...<...| |...| |.....| |[...| # |.........|# |........| |...| |.....| |..@.d@d |.........%# |........| ----- ------- |....| |.........| |........| ------ ----------- ---------- Jonadab the Sightseer Experience level: 3 Strength: 15 Dexterity: 12 Constitution: 12 Intelligence: 14 Wisdom: 9 Charisma: 15 Health: 0(29) Energy: 11(11) AC: 10 Gold: 230 Moves: 1789 Your Inventory: Coins $ - 230 gold pieces Weapons c - 13 uncursed +2 darts (in quiver) r - an uncursed [+4] crude dagger [orcish] y - an uncursed [+0] runed spear [elven] Comestibles b - an uncursed food ration d - 2 uncursed tripe rations e - 3 uncursed green persimmons f - an uncursed lembas wafer g - an uncursed tin of kobold meat q - 3 uncursed [stale] eggs Scrolls K - an [uncursed] scroll labeled ANDOVA BEGARIN [of flood] Rings B - a cursed emerald ring [of aggravate monster] Tools k - an uncursed key [skeleton key] l - an uncursed expensive camera (0:57) w - an uncursed magic whistle z - an uncursed towel A - an uncursed [frost] horn [0:6] D - an uncursed credit card Gems x - 2 uncursed yellowish brown gems [worthless glass] Spells known in the end: Name Level Category Fail Memory Your skills at the end: Fighting Skills Weapon Skills dart [Basic] Spellcasting Skills Final Attributes: You were stridently aligned. Hunger level was 761. Your alignment was 6 / 18. Monster difficulty range was 0 - 3. Level difficulty was 4. Your luck was zero. You are dead. Vanquished creatures: a giant ant a little dog a dwarf a homunculus a giant bat 4 orc zombies an acid blob a hobbit a brown mold a red mold a gnome zombie 2 geckos 3 foxes a goblin 5 grid bugs 3 newts 28 creatures vanquished. Voluntary challenges: You never hit with a wielded weapon. You read items or engraved 1 time. You put on armor 6 times. You never genocided any monsters. You never polymorphed an object. You changed form 1 time. You used no wishes. You wrote Elbereth's name 1 time. You never encountered a bones level. You never used any Sokoban shortcuts. Dungeon overview: The Dungeons of Doom: levels 1 to 5 Level 1 a long staircase Level 2 (StashOne) stairs to The Gnomish Mines Level 3 a general store Level 4 (StashTwo) <- You were here some altars, a fountain The Gnomish Mines: Level 3 stairs to The Dungeons of Doom History has recorded: On T:1 you entered the Dungeons of Doom to retrieve the Amulet of Yendor! On T:172 you reached level 2 of The Dungeons of Doom. On T:535 you reached level 1 of The Gnomish Mines. On T:832 you reached level 3 of The Dungeons of Doom. On T:898 you reached level 4 of The Dungeons of Doom. On T:1248 you advanced to experience level 2. On T:1332 you reached level 5 of The Dungeons of Doom. On T:1547 you advanced to experience level 3. Latest messages: [HP-1=1] You turn into a werejackal! Your armor falls around you! You can't even move a handspan with this load! You can no longer hold your shield! Your boots are pushed off your feet! You find you must drop your weapon! Use the command #monster to summon help. Your movements are only slowed slightly by your load. [HP+10=11] You begin praying to The Lady. You are surrounded by a shimmering light. The jackal starts to attack you, but pulls back. The werejackal changes into a human. The jackal starts to attack you, but pulls back. (2x) You finish your prayer. You feel that The Lady is pleased. You feel purified. You return to human form! Your movements are now unencumbered. The jackal bites! You die... Final status: Aloha Jonadab the Tourist... You died in The Dungeons of Doom on dungeon level 4 with 900 points, and 230 pieces of gold, after 1789 moves. You were level 3 with a maximum of 29 hit points when you died.